 Dungeon Crawl Stone Soup version 0.26-b1-32-g5d43845318 (webtiles) character file.

Game seed: 4297382792509503713

216 roguesci the Ruffian (level 5, -1/47 HPs)
             Began as a Ghoul Monk on Jan 9, 2021.
             Slain by an orc priest
             ... wielding a +0 short sword
              (5 damage)
             ... on level 3 of the Dungeon.
             The game lasted 00:07:24 (3862 turns).

roguesci the Ruffian (Ghoul Monk)                   Turns: 3862, Time: 00:07:25

Health: -1/47      AC:  4    Str: 16    XL:     5   Next: 93%
Magic:  4/4        EV: 13    Int:  5    God:
Gold:   94         SH:  0    Dex: 11    Spells: 4/4 levels left

rFire    . . .     SeeInvis .     - Unarmed
rCold    + . .     Faith    .   (no shield)
rNeg     + + +     Spirit   .   a - +0 robe
rPois    ∞         Reflect  .   d - +0 helmet
rElec    .         Harm     .   (no cloak)
rCorr    .         Rampage  .   (no gloves)
Will     .....                  k - +0 pair of boots
Stlth    +++.......             (no amulet)
HPRegen  0.00/turn              j - ring of stealth
MPRegen  0.09/turn              (no ring)

@: flying
A: claws 1, cold resistance 1, negative energy resistance 3, inhibited
regeneration, torment resistance, unbreathing
a: no special abilities


You were on level 3 of the Dungeon.
You visited 1 branch of the dungeon, and saw 3 of its levels.
You also visited: Sewer.

You collected 94 gold pieces.

Inventory:

Armour
 a - a +0 robe (worn)
 d - a +0 helmet (worn)
 k - a +0 pair of boots (worn)
Jewellery
 g - an uncursed ring of resist corrosion
 j - a ring of stealth (left claw)
Scrolls
 b - a scroll of teleportation
 f - 4 scrolls of identify
 h - 2 scrolls of remove curse
 i - a scroll of magic mapping {unknown}
 m - a scroll of immolation {unknown}
 n - a scroll of amnesia {unknown}
Potions
 e - a potion of flight


   Skills:
 * Level 4.8 Fighting
 + Level 1.7 Armour
 + Level 3.4 Dodging
 - Level 2.1 Stealth
 * Level 4.8 Unarmed Combat


You had 4 spell levels left.
You didn't know any spells.
Your spell library was empty.

Dungeon Overview and Level Annotations

Branches:
Dungeon (3/15)              Sewer (visited)

Altars:
Hepliaklqana
Nemelex Xobeh
Okawaru
Qazlal
Ru

Annotations:
D:1 Terence


Innate Abilities, Weirdness & Mutations

You thrive by killing the living.
You are immune to poison.
You have sharp fingernails.
Your flesh is cold resistant. (rC+)
You are immune to negative energy. (rN+++)
You do not regenerate when monsters are visible.
You are immune to unholy pain and torment.
You can survive without breathing.


Message History

You kill the kobold!
You closely miss the orc. The orc barely misses you.
The orc priest hits you with a +0 short sword.
* * * LOW HITPOINT WARNING * * *
Items here: )) [ ††.
You scratch the orc priest but do no damage.
The orc priest is lightly wounded.
You scratch the orc priest.
The orc priest is moderately wounded.
The orc priest closely misses you. The orc closely misses you.
You scratch the orc priest but do no damage.
The orc priest is moderately wounded.
The orc priest looks encouraged for a moment.
The orc hits you with a +0 hand axe!
* * * LOW HITPOINT WARNING * * *
You completely miss the orc priest.
The orc priest is moderately wounded.
The orc priest hits you with a +0 short sword.
You die...

.##..........#### .#
.#.._..⌠.._.....# ..#
................# ..#
.#..............# ...#
.#....._........# #...#
.....#..........####....#
#.##..##..#.....##))....#
......##..#...).#..##.....#
.......#..#....o@o## #o..#
................### ..#
.........#..#..## .
.........##.#..#
..........#.#..# #
.......)..#....#####.#
.†........###..##....#
...........###....#
...>...........†### ..


You could see an orc priest and an orc.

Vanquished Creatures
  A big kobold (Sewer)
  An orc wizard (D:3)
  An adder (D:3)
  A river rat (Sewer)
  An ooze (D:1)
  A worm (D:2)
  2 dart slugs (D:3)
  3 leopard geckos (D:3)
  6 orcs (D:3)
  5 bats
  7 giant cockroaches
  2 goblins
  9 hobgoblins
  9 jackals
  A quokka (D:3)
  5 frilled lizards
  11 kobolds
  8 rats
74 creatures vanquished.

Notes
Turn   | Place    | Note
-------+----------+-------------------------------------------
     0 | D:1      | roguesci the Ghoul Monk began the quest for the Orb.
     0 | D:1      | Reached XP level 1. HP: 19/19 MP: 0/0
   260 | D:1      | Reached XP level 2. HP: 20/26 MP: 1/1
  1091 | D:2      | Noticed Terence
  1612 | D:2      | Reached XP level 3. HP: 33/33 MP: 2/2
  2095 | D:2      | Found a hazy altar of Hepliaklqana.
  2577 | D:3      | Found a glowing drain.
  2598 | Sewer    | Entered a sewer
  2603 | Sewer    | Reached skill level 1 in Armour
  2623 | Sewer    | Reached XP level 4. HP: 21/40 MP: 3/3
  2828 | Sewer    | Noticed a big kobold
  2902 | Sewer    | Killed a big kobold
  2903 | Sewer    | Reached XP level 5. HP: 14/47 MP: 4/4
  3276 | Sewer    | Found a white marble altar of Elyvilon.
  3706 | D:3      | Found an iron altar of Okawaru.
  3722 | D:3      | Found a faded altar of an unknown god.
  3794 | D:3      | Found a stormy altar of Qazlal.
  3795 | D:3      | Found a sacrificial altar of Ru.
  3797 | D:3      | Found a sparkling altar of Nemelex Xobeh.
  3862 | D:3      | Slain by an orc priest

Illustrated notes

Levels and vault maps discovered:
D:1:      dpeg_arrival_arbitrary_b, layout_basic
D:2:      layout_loops_cross, nzn_hepliaklqana_mist_gate, kennysheep_donut,
          uniq_terence
D:3:      layout_rooms, old_standard_altar, grunt_temple_overflow_open,
          gup_sewer_entry_pipe, chequers_ecumenical_altar_simple_redux

Skill      XL: |  1  2  3 |
---------------+----------+-----
Dodging        | 3 |  3.4
Fighting       | 4 |  4.8
Unarmed Combat | 4 |  4.8
Armour         | 1 |  1.7
Stealth        | |  2.1

Action                   |  1- 3 |  4- 6 || total
-------------------------+-------+-------++-------
Melee: Unarmed           |   170 |   151 ||   321
       Punch             |     1 |       ||     1
  Use: Scroll            |     3 |     1 ||     4
       Potion            |     1 |     7 ||     8
 Stab: Sleeping          |     1 |     3 ||     4
Armor: Robe              |    42 |    21 ||    63
Dodge: Dodged            |   104 |    87 ||   191
